 Dungeon Crawl Stone Soup version 0.30.1-4-g462c640d31 (webtiles) character file.

Game seed: 4396177677655109196

150125 Ivernyr the Warrior (level 18, -12/144 (148) HPs)
             Began as a Djinni Fire Elementalist on Sept 18, 2023.
             Was a High Priest of Elyvilon.
             Mangled by a tarantella (13 damage)
             ... on level 4 of the Spider Nest.
             The game lasted 02:43:06 (27942 turns).

Ivernyr the Warrior (Djinni Fire Elementalist)     Turns: 27942, Time: 02:43:07

HP:   -12/144 (148) AC: 13    Str:  6 (7)  XL:     18   Next: 15%
Gold: 3255          EV: 20    Int: 24 (25) God:    Elyvilon [*****.] SH:  0 Dex: 14

rFire   + + +        J - +12 pair of quick blades "Gyre" and "Gimble" {protect}
rCold   x . .        (shield currently unavailable)
rNeg    . . .        a - +4 troll leather armour
rPois   ∞            n - +0 helmet
rElec   .            r - scarf {rC+ rF+}
rCorr   .            I - +0 pair of gloves
SInv    .            (boots unavailable)
Will    +....        (no amulet)
Stlth   ++           B - +5 ring of evasion
HPRegen 1.24/turn    C - ring of fire
MPRegen 0.00/turn

%: infuse magic (-13 HP)
@: about to teleport, flying, lightly drained
A: sickness immunity, fire resistance 2, cold vulnerability 1, float, innate
caster, HP casting, extra vitality 1
a: Renounce Religion, Purification, Heal Other, Heal Self, Divine Vigour


You were on level 4 of the Spider Nest.
You worshipped Elyvilon.
Elyvilon was extremely pleased with you.
You visited 5 branches of the dungeon, and saw 27 of its levels.
You also visited: Bailey, Ice Cave and Volcano.

You collected 3663 gold pieces.
You spent 408 gold pieces at shops.

Inventory:

Hand Weapons
 J - the +12 pair of quick blades "Gyre" and "Gimble" (weapon) {protect}
   (You found it on level 9 of the Dungeon)
Armour
 a - a +4 troll leather armour (worn)
 n - a +0 helmet (worn)
 r - a scarf of resistance (worn)
 I - a +0 pair of gloves (worn)
Jewellery
 o - a ring of wizardry
 p - a +4 ring of protection
 w - a ring of protection from fire
 B - a +5 ring of evasion (left hand)
 C - a ring of fire (right hand)
 F - a +6 ring of strength
 Q - a ring of wizardry
 S - an amulet of the acrobat
 U - a ring of protection from cold
 V - a ring of protection from fire
Wands
 e - a wand of flame (25)
 u - a wand of iceblast (6)
 z - a wand of light (7)
 H - a wand of paralysis (4)
 L - a wand of mindburst (4)
 R - a wand of polymorph (17)
Scrolls
 d - 5 scrolls of fear
 h - 4 scrolls of poison
 i - 5 scrolls of fog
 j - 4 scrolls of blinking
 l - 3 scrolls of teleportation
 v - 5 scrolls of immolation
 x - 9 scrolls of identify
 y - 2 scrolls of vulnerability
 M - a scroll of enchant armour
 N - a scroll of butterflies
 P - a scroll of magic mapping
 T - a scroll of silence
Potions
 b - 5 potions of resistance
 c - 2 potions of degeneration
 f - 4 potions of heal wounds
 g - 8 potions of curing
 k - 3 potions of mutation {unknown}
 m - 3 potions of ambrosia {unknown}
 q - 7 potions of flight
 s - 4 potions of haste
 t - 2 potions of cancellation {unknown}
 A - a potion of berserk rage {unknown}
 D - 4 potions of might
 E - 6 potions of attraction
 G - 6 potions of lignification
 K - 4 potions of invisibility
 O - a potion of brilliance {unknown}


   Skills:
 + Level 19.4 Fighting
 + Level 12.6 Armour
 - Level 8.6 Dodging
 - Level 1.9 Stealth
 * Level 12.3 Spellcasting
 + Level 12.6 Invocations


You knew the following spells:

 Your Spells              Type           Power      Damage    Failure   Level
a - Foxfire               Conj/Fire      100%       2x1d9     1%          1
b - Scorch                Fire           100%       2d9       1%          2
c - Volatile Blastmotes   Fire/Tloc      100%       2d18      1%          3
d - Inner Flame           Hex/Fire       84%        N/A       1%          3
e - Flame Wave            Conj/Fire      84%        2d18      1%          4
f - Sting                 Tmut/Pois      100%       1d8       1%          1
g - Searing Ray           Conj           100%       2d8       1%          2
h - Momentum Strike       Conj/Tloc      100%       3d10      1%          2
i - Petrify               Tmut/Erth      65%        N/A       1%          4
j - Arcjolt               Conj/Air       32%        1d42      1%          5
k - Freezing Cloud        Conj/Ice/Air   32%        6-21      1%          5
l - Death Channel         Necr           32%        N/A       5%          6
m - Monstrous Menagerie   Summ           32%        N/A       30%         7
Your spell library was empty.

Dungeon Overview and Level Annotations

Branches:
Dungeon (15/15)            Temple (1/1) D:6            Lair (5/5) D:9
 Shoals (0/4) Lair:2       Spider (4/4) Lair:3        Slime (0/5) Lair:5
    Orc (2/2) D:12            Elf (0/3) Orc:2        Vaults (0/5) D:14
 Bailey (visited)           IceCv (visited)         Volcano (visited)
 Depths: D:15

Altars:
Ashenzari
Cheibriados
Dithmenos
Elyvilon
Fedhas
Gozag
Hepliaklqana
Makhleb
Nemelex Xobeh
Okawaru
Qazlal
Ru
Trog
Uskayaw
Wu Jian
Xom
Yredelemnul
Zin
The Shining One

Shops:
D:6 =   D:11 ?   D:12 (?   D:14 (   Orc:2 :([(

Annotations:
Lair:4 2 transporters, exclusion: ice statue, kalagan's ghost, journeyman DECj


Innate Abilities, Weirdness & Mutations

You are immune to sickness and miasma.
You are immune to poison.
Your flesh is very heat resistant. (rF++)
You are vulnerable to cold. (rC-)
You float through the air rather than walking.
You learn spells naturally, not from books.
Your magical power is your life essence.
You have superior vitality. (+4 MHP)


Message History

The jumping spider misses you.
The jumping spider's many legs skitter faintly. x2
You hear a skittering sound.
As you read the scroll of teleportation, it crumbles to dust.
You feel strangely unstable.
The tarantella's many legs skitter faintly.
The pharaoh ant bites you.
* * * LOW HITPOINT WARNING * * *
The wolf spider hits you!
* * * LOW HITPOINT WARNING * * *
The wolf spider bites you but does no damage.
The jumping spider completely misses you.
The jumping spider bites you.
* * * LOW HITPOINT WARNING * * *
The jumping spider leaps!
The pharaoh ant splashes around in the water.
The wolf spider misses you.
The wolf spider bites you but does no damage.
You are healed.
The jumping spider completely misses you.
The jumping spider misses you. The tarantella completely misses you.
The jumping spider leaps!
The pharaoh ant splashes around in the water.
The wolf spider hits you!!
* * * LOW HITPOINT WARNING * * *
The wolf spider completely misses you.
The jumping spider completely misses you.
The jumping spider bites you.
* * * LOW HITPOINT WARNING * * *
The tarantella closely misses you.
You are healed.
The jumping spider leaps!
The wolf spider barely misses you.
The wolf spider bites you but does no damage.
The jumping spider leaps!
The pharaoh ant bites you!!
* * * LOW HITPOINT WARNING * * *
The tarantella touches you.
* * * LOW HITPOINT WARNING * * *
The culicivora bites you!!
* * * LOW HITPOINT WARNING * * *
The tarantella touches you!
You die...

#...#^.#.# #######
#...###############
#.####.^~..^s^..~^####
#..#.^^#,*^^.....^...#
^....#**,**#^..(~.°..###**
....~#*.,,*#^...s......#,##*
....##..,..##^.~°~^s....,^.#*
........,......Bss...s..,,..###
....##...,,*#..s@ss.s~s#^*,..^#
....^#*.^^*#...ss○...###)**#..##
^..†~###.**#~.s).s...##...**..~#
....^..#^#..........##.....##..#
.#......^...................^..#
†###........#.#.~...##^....##..#
..##~....^###.###...^*#^.,*#.s.##
°.^##.$s..#*..,**^..^##*,**#s...#
○Z.......#*,,,^,**,,,~,*,#~^ss..#


You could see 2 broodmothers, 2 wolf spiders, an orb spider (summoned), a
culicivora (summoned), a pharaoh ant, 5 jumping spiders, 3 tarantellas and a
redback (summoned).

Vanquished Creatures
  2 ghost moths (Spider:3)
  A broodmother (Spider:4)
  A red draconian (Volcano)
  An ettin (Orc:2)
  A fire dragon (Lair:5)
  5 entropy weavers
  A jorogumo (Spider:2)
  Erolcha (D:10)
  3 radroaches
  7 hydras
  A catoblepas (D:15)
  9 centaur warriors
  2 ogre magi (Orc:2)
  5 boulder beetles
  2 dancing weapons
  2 tengu warriors (D:14)
  13 two-headed ogres
  A death knight (D:15)
  4 death yaks
  An orc high priest (Orc:2)
  Urug (Lair:1)
  7 pharaoh ants
  3 skysharks
  5 skeletal warriors (D:13)
  A swamp dragon (Lair:5)
  2 sun moths (Spider:3)
  8 orb spiders
  2 deep trolls (Orc:2)
  A harpy (Lair:2)
  5 steelbarb worms
  An orc knight (Orc:1)
  19 wolf spiders
  2 orc sorcerers
  8 ugly things
  A deep elf pyromancer (D:15)
  5 cyclopes
  4 manticores
  3 oklob plants (Lair:3)
  A moth of wrath (Spider:3)
  6 elephants (Lair:4)
  2 demonic crawlers (Spider:2)
  3 black mambas
  A molten gargoyle (D:15)
  A gargoyle (D:11)
  6 torpor snails
  12 cane toads
  9 rime drakes
  2 kobold demonologists
  An unseen horror (D:10)
  Psyche (D:9)
  A yaktaur (shapeshifter) (D:14)
  An efreet (D:13)
  2 yaktaurs (Volcano)
  8 komodo dragons
  5 meliai
  17 trolls
  2 hornets
  3 polar bears
  34 tarantellas
  Prince Ribbit (D:6)
  18 blink frogs
  15 dream sheep
  20 jumping spiders
  15 slime creatures
  A centaur simulacrum (D:14)
  3 shadows
  33 culicivoras
  44 yaks
  7 wraiths
  6 basilisks
  3 wyverns
  8 vampire mosquitoes
  46 redbacks
  5 steam dragons
  A warg (Orc:1)
  3 acid dragons
  13 water moccasins
  2 swamp drakes (Lair:5)
  16 orc warriors
  2 ice beasts
  A sky beast (D:7)
  21 ogres
  3 wolves (Lair:3)
  20 centaurs
  11 bullfrogs
  3 gnoll sergeants
  3 kobold brigands
  A scorpion (D:7)
  11 wights
  7 killer bees
  3 electric eels
  7 howler monkeys
  A vampire bat (D:5)
  14 orc priests
  15 jellies
  A gnoll bouda (D:9)
  7 hounds
  Jessica (D:3)
  5 iguanas
  2 sleepcaps
  25 orc wizards
  6 hell rats (Lair:3)
  2 adders
  14 gnolls
  2 shadow imps
  2 white imps
  3 ufetubi
  4 dart slugs
  69 orcs
  5 ball pythons
  17 endoplasms
  3 giant cockroaches
  12 goblins
  17 hobgoblins
  3 jackals (D:1)
  6 quokkas
  9 bats
  5 frilled lizards
  21 kobolds
  3 rats
886 creatures vanquished.

Vanquished Creatures (collateral kills)
  A demonic crawler (Spider:3)
  5 foxfires
6 creatures vanquished.

Vanquished Creatures (others)
  An orc priest (D:9)
  An orc (D:9)
  1424 foxfires
1426 creatures vanquished.

Grand Total: 2318 creatures vanquished

Notes
Turn   | Place    | Note
-------+----------+-------------------------------------------
     0 | D:1      | Ivernyr the Djinni Fire Elementalist began the quest for
                  | the Orb.
     0 | D:1      | Ivernyr set off with the following spells memorised:
                  | Foxfire, Scorch, Volatile Blastmotes, Inner Flame, Flame
                  | Wave.
     0 | D:1      | Reached XP level 1. HP: 15/15 MP: 0/0
   209 | D:1      | Reached XP level 2. HP: 19/21 MP: 0/0
   370 | D:1      | Found a faded altar of an unknown god.
   566 | D:1      | Reached XP level 3. HP: 20/26 MP: 0/0
   566 | D:1      | Learned a level 1 spell: Sting
   689 | D:2      | Reached skill level 1 in Fighting
   750 | D:2      | Reached XP level 4. HP: 18/33 MP: 0/0
   969 | D:2      | Reached skill level 2 in Fighting
  1476 | D:3      | Noticed Jessica
  1481 | D:3      | Killed Jessica
  1482 | D:3      | Reached XP level 5. HP: 15/39 MP: 0/0
  1482 | D:3      | Learned a level 2 spell: Searing Ray
  2594 | D:4      | Reached skill level 3 in Fighting
  2596 | D:4      | Reached XP level 6. HP: 34/46 MP: 0/0
  3156 | D:5      | Entered Level 5 of the Dungeon
  3180 | D:5      | Reached skill level 4 in Fighting
  3181 | D:5      | Reached XP level 7. HP: 48/52 MP: 0/0
  3181 | D:5      | Learned a level 2 spell: Momentum Strike
  4148 | D:6      | Noticed Prince Ribbit
  4159 | D:6      | Killed Prince Ribbit
  4160 | D:6      | Reached skill level 5 in Fighting
  4160 | D:6      | Reached XP level 8. HP: 51/60 MP: 0/0
  4205 | D:6      | Reached skill level 5 in Dodging
  4305 | D:6      | Found Xyppush's Jewellery Shoppe.
  4318 | D:6      | Found a staircase to the Ecumenical Temple.
  4339 | Temple   | Entered the Ecumenical Temple
  4354 | Temple   | Became a worshipper of Elyvilon the Healer
  4436 | D:6      | Reached skill level 6 in Fighting
  5001 | D:6      | Noticed a slime creature
  5147 | D:6      | Reached skill level 7 in Fighting
  5163 | D:6      | Reached XP level 9. HP: 61/68 MP: 0/0
  5163 | D:6      | Learned a level 4 spell: Petrify
  5545 | D:7      | Noticed a purple ugly thing
  5556 | D:6      | Reached skill level 5 in Spellcasting
  5716 | D:7      | Reached * piety under Elyvilon
  5790 | D:7      | Reached skill level 8 in Fighting
  6935 | D:7      | Reached skill level 9 in Fighting
  6941 | D:7      | Reached XP level 10. HP: 63/78 MP: 0/0
  7268 | D:7      | Identified the +1 cloak of the Forest {+Inv rF+}
  7288 | D:7      | Killed a purple ugly thing
  7307 | D:7      | Reached skill level 10 in Fighting
  7573 | D:8      | Found a broken altar of Ashenzari.
  7987 | D:8      | Reached ** piety under Elyvilon
  8098 | D:8      | Identified the +1 robe of the Beginning {Dex+2}
  8281 | D:9      | Found a flagged portal.
  8288 | Bailey   | Entered a bailey
  8309 | Bailey   | Identified the ring "Vinyxtaq" {Wiz Drain Fly rPois Str+2}
  8569 | Bailey   | Reached skill level 1 in Armour
  8569 | Bailey   | Reached skill level 1 in Invocations
  8571 | Bailey   | Reached XP level 11. HP: 38/86 MP: 0/0
  8571 | Bailey   | Learned a level 5 spell: Arcjolt
  8737 | D:9      | Noticed a two-headed ogre
  8746 | D:9      | Killed a two-headed ogre
  8747 | D:9      | Reached skill level 11 in Fighting
  8789 | D:9      | Noticed Psyche
  8797 | D:9      | Killed Psyche
  8944 | D:9      | Noticed a two-headed ogre
  8964 | D:9      | Killed a two-headed ogre
  8998 | D:9      | Noticed a two-headed ogre
  8998 | D:9      | Noticed a two-headed ogre
  9034 | D:9      | Elyvilon protects you from harm!
  9244 | D:9      | Killed a two-headed ogre
  9370 | D:9      | Found a staircase to the Lair.
  9467 | D:9      | Found a glowing silver altar of Zin.
  9643 | D:9      | Killed a two-headed ogre
  9683 | D:9      | Found the +12 pair of quick blades "Gyre" and "Gimble"
                  | {protect}
  9768 | Lair:1   | Entered Level 1 of the Lair of Beasts
  9811 | Lair:1   | Noticed Urug
  9826 | Lair:1   | Killed Urug
  9827 | Lair:1   | Reached skill level 12 in Fighting
  9872 | Lair:1   | Reached *** piety under Elyvilon
 10254 | Lair:1   | Reached XP level 12. HP: 52/96 MP: 0/0
 10460 | Lair:1   | Reached **** piety under Elyvilon
 10854 | Lair:2   | Noticed a skyshark
 10885 | Lair:2   | Killed a skyshark
 10886 | Lair:2   | Reached skill level 5 in Armour
 10886 | Lair:2   | Reached skill level 5 in Invocations
 10979 | Lair:2   | Reached skill level 13 in Fighting
 11112 | Lair:2   | Noticed a skyshark
 11126 | Lair:2   | Killed a skyshark
 11187 | Lair:2   | Found a staircase to the Shoals.
 11636 | Lair:3   | Noticed a boulder beetle
 11740 | Lair:3   | Noticed a skyshark
 11748 | Lair:3   | Killed a skyshark
 12031 | Lair:3   | Reached ***** piety under Elyvilon
 12106 | Lair:3   | Reached XP level 13. HP: 78/104 MP: 0/0
 12106 | Lair:3   | Learned a level 5 spell: Freezing Cloud
 12152 | Lair:3   | Found a hole to the Spider Nest.
 12264 | Lair:3   | You are sucked into a shaft and drop 1 floor!
 12299 | Lair:4   | Reached skill level 14 in Fighting
 12301 | Lair:4   | Found a transporter.
 12323 | Lair:4   | Found a transporter.
 12329 | Lair:4   | Noticed a five-headed hydra
 12335 | Lair:4   | Killed a five-headed hydra
 12392 | Lair:4   | Found a dark tunnel.
 12400 | Volcano  | Entered a volcano
 12478 | Volcano  | Noticed a centaur warrior
 12488 | Volcano  | Killed a centaur warrior
 12536 | Volcano  | Noticed a red draconian
 12560 | Volcano  | Killed a red draconian
 13709 | Lair:4   | Noticed kalagan's ghost (journeyman DECj)
 13755 | Lair:4   | Reached skill level 15 in Fighting
 14189 | Lair:5   | Entered Level 5 of the Lair of Beasts
 14200 | Lair:5   | Reached XP level 14. HP: 114/114 MP: 0/0
 15126 | Lair:5   | Reached skill level 16 in Fighting
 15254 | Lair:5   | Found a staircase to the Slime Pits.
 15289 | Lair:5   | Identified the +4 leather armour of Virtue {rF- Str+5
                  | Int-3}
 15334 | Lair:5   | Reached ****** piety under Elyvilon
 15815 | D:10     | Entered Level 10 of the Dungeon
 16258 | D:10     | Found a bloodstained altar of Trog.
 16263 | D:10     | Found a hazy altar of Hepliaklqana.
 16263 | D:10     | Noticed Erolcha
 16270 | D:10     | Killed Erolcha
 16271 | D:10     | Reached XP level 15. HP: 81/122 MP: 0/0
 16271 | D:10     | Learned a level 6 spell: Death Channel
 16307 | D:10     | Found a snail-covered altar of Cheibriados.
 16307 | D:10     | Found a sacrificial altar of Ru.
 16310 | D:10     | Found a shimmering altar of Xom.
 16987 | D:11     | Found Uzxaumi's Magic Scroll Emporium.
 17460 | D:12     | Found Igece's Weapon Shoppe.
 17524 | D:12     | Found a staircase to the Orcish Mines.
 17665 | D:12     | Found Doos's Magic Scroll Boutique.
 18442 | D:13     | Reached skill level 17 in Fighting
 18447 | D:13     | Reached skill level 10 in Spellcasting
 18641 | D:13     | Reached skill level 10 in Armour
 18687 | D:13     | You are sucked into a shaft and drop 2 floors!
 18687 | D:15     | Entered Level 15 of the Dungeon
 18701 | D:15     | Reached skill level 10 in Invocations
 20220 | D:13     | HP: 4/124 [+5 long sword (19)]
 20346 | D:14     | Found a gate to the Vaults.
 20464 | D:14     | Found Egaew's Weapon Emporium.
 20844 | D:14     | Reached XP level 16. HP: 127/131 MP: 0/0
 21721 | Orc:1    | Entered Level 1 of the Orcish Mines
 21754 | Orc:2    | Entered Level 2 of the Orcish Mines
 21872 | Orc:2    | Found a staircase to the Elven Halls.
 22648 | Orc:2    | Reached skill level 18 in Fighting
 22784 | Orc:2    | Paralysed by something for 4 turns
 22786 | Orc:2    | HP: 4/132 [deep troll (8)]
 22787 | Orc:2    | Elyvilon protects you from harm!
 22920 | Orc:2    | Found Fethrieske's Book Shop.
 22921 | Orc:2    | Found Erelowij's Antique Armour Boutique.
 22923 | Orc:2    | Found Hanoedinok's Weapon Shoppe.
 22934 | Orc:2    | Found Qawkum's Weapon Boutique.
 23128 | Orc:2    | Bought a fine chain mail for 228 gold pieces
 23128 | Orc:2    | Identified the +4 chain mail "Xukhlop" {rF- Will- rCorr
                  | SInv} (You bought it in a shop on level 2 of the Orcish
                  | Mines)
 23128 | Orc:2    | Bought an embroidered cloak for 180 gold pieces
 23550 | Spider:1 | Entered Level 1 of the Spider Nest
 24391 | Spider:2 | Reached XP level 17. HP: 131/139 MP: 0/0
 24391 | Spider:2 | Learned a level 7 spell: Monstrous Menagerie
 24885 | Spider:2 | Reached skill level 19 in Fighting
 26805 | Spider:4 | Entered Level 4 of the Spider Nest
 26838 | Spider:4 | Identified the +7 spear of Instant Death {flame, Fly rPois
                  | Int+5}
 27321 | Spider:4 | Found a frozen archway.
 27325 | IceCv    | Entered an ice cave
 27778 | Spider:4 | Reached XP level 18. HP: 142/148 MP: 0/0
 27933 | Spider:4 | Elyvilon protects you from harm!
 27942 | Spider:4 | HP: 1/144 [culicivora[a broodmother] (18)]
 27942 | Spider:4 | Mangled by a tarantella

Illustrated notes

Levels and vault maps discovered:
D:1:      tekkud_arrival_beachfront_property, layout_rooms,
          ebering_ecumenical_altar_box
D:2:      layout_loops_ring
D:3:      layout_basic, uniq_jessica
D:4:      layout_basic, kennysheep_orc_sif_temple
D:5:      layout_rooms, roderic_batcave, columned_hall_lemuel
D:6:      lemuel_slime, layout_cave_pools, minmay_temple_entry_junction,
          serial_shops, nicolae_shop_stone, minmay_misc_feat_iff,
          uniq_prince_ribbit1
D:7:      cheibrodos_fzero, layout_basic
D:8:      layout_cave_pools, evilmike_ruin_ashenzari, eino_jars
D:9:      layout_long_grid, zin_statuary, lair_entry_dummy, enter_bailey_4,
          grunt_decor_fettered, hellmonk_guarded_unrand_gyre_and_gimble,
          uniq_psyche
D:10:     hellmonk_destroyed_diamonds, layout_basic, minitemple,
          minmay_fractal_squares_diagonal_5, uniq_erolcha
D:11:     layout_roguey, serial_shops, shop, corexii_hall_statues_x,
          minmay_misc_feat_more_columns
D:12:     layout_stronghold, erik_orc_3, serial_shops, nicolae_diamond_shop,
          nicolae_shop_crystal
D:13:     layout_loops_corners, minmay_the_grid_square_5x5_3x3_mashed
          [minmay_the_grid_square_5x5_checkered_sparse,
          minmay_the_grid_square_5x5_checkered_statues,
          minmay_the_grid_square_5x5_half_checkered,
          minmay_the_grid_square_5x5_two_small,
          minmay_the_grid_square_5x5_megaprize_hollow,
          minmay_the_grid_square_5x5_shuriken, minmay_the_grid_square_5x5_bite,
          minmay_the_grid_square_5x5_shrine2,
          minmay_the_grid_square_5x5_minibox]
D:14:     layout_loops_cross, erik_vaults_1, chequers_garden, serial_shops,
          nicolae_shop_tiny_glass
D:15:     grunt_enter_depths_magical_seal, layout_basic,
          gammafunk_ghost_fury_of_okawaru, special_room [special_room_orc],
          grunt_ministairs_6, nicolae_lava_and_water
Temple:   nicolae_temple_god_jail
Lair:1:   layout_cave_pods, infiniplex_staircase_pool_2, lemuel_fruit_tree,
          uniq_urug
Lair:2:   layout_roguey, nicolae_shoals_entry_roost,
          chequers_serial_rivers_micro_b
Lair:3:   layout_gridlike, nicolae_spider_entry_tight_spaces,
          chequers_serial_rivers_small_b, chequers_serial_rivers_marsh,
          dpeg_oklob_1
Lair:4:   layout_gridlike, enter_volcano_2, nzn_ghost_randoct
Lair:5:   guppyfry_lair_end_dragon, layout_gridlike,
          nicolae_slime_entry_slimehenge, serial_bayou_shore_b
Spider:1: layout_spider_delve, hangedman_spider_tarantella_strand
Spider:2: lemuel_spider_zombies
Spider:3: layout_cave_pods
Spider:4: hellmonk_spider_rune_endless_swarm, portal_ice_cave_entry_pillars_four
Orc:1:    layout_diamond_mine, basic_altar
Orc:2:    st_orc_open, layout_caves

Skill      XL: |  1  2  3  4  5  6  7  8  9 10 11 12 13 14 15 16 17 |
---------------+----------------------------------------------------+-----
Fighting       | 1 2 3 4 5 7 9 10 12 13 15 16 17 18 19 | 19.4
Dodging        | 3 4 6 7 8 |  8.6
Spellcasting   | 3 4 5 6 7 8 9 10 11 12 | 12.3
Armour         | 1 4 6 7 9 10 11 12 | 12.6
Invocations    | 1 4 6 7 9 10 11 12 | 12.6
Stealth        | |  1.9

Action                     |  1- 3 |  4- 6 |  7- 9 | 10-12 | 13-15 | 16-18 || total
---------------------------+-------+-------+-------+-------+-------+-------++-------
  Melee: Unarmed           |     3 |       |       |       |       |       ||     3
         Dagger            |       |    19 |    27 |       |       |       ||    46
         Spear             |       |       |     3 |    36 |       |       ||    39
         Pair of quick bla |       |       |       |    79 |   386 |   580 ||  1045
   Cast: Foxfire           |    58 |    92 |   222 |   376 |   102 |    15 ||   865
         Scorch            |     2 |    20 |    46 |    45 |    46 |    60 ||   219
         Searing Ray       |       |     1 |     3 |     1 |     2 |       ||     7
         Flame Wave        |       |       |     2 |    17 |    21 |    25 ||    65
         Momentum Strike   |       |       |     1 |       |       |       ||     1
         Sting             |       |       |       |     3 |       |       ||     3
         Petrify           |       |       |       |     2 |       |       ||     2
         Arcjolt           |       |       |       |     1 |    10 |       ||    11
         Freezing Cloud    |       |       |       |       |   119 |    93 ||   212
         Monstrous Menager |       |       |       |       |       |     1 ||     1
 Invoke: Purification      |       |       |       |     1 |       |     1 ||     2
         Heal Other        |       |       |       |       |     3 |     9 ||    12
         Heal Self         |       |       |       |       |     7 |    16 ||    23
    Use: Scroll            |       |       |       |    12 |    13 |    11 ||    36
   Stab: Sleeping          |       |     1 |       |       |     2 |     1 ||     4
         Distracted        |       |       |       |       |       |     1 ||     1
 Armour: Robe              |     8 |     2 |    13 |     1 |       |       ||    24
         Troll leather arm |       |       |       |    29 |   143 |   304 ||   476
  Dodge: Dodged            |    10 |    14 |   111 |   259 |   413 |   729 ||  1536
